TOP OF THE 1ST |
Lynchburg Hillcats batting - Pitching for Raleigh-Durham Capitals : RHP Allen Wesolowski
|
Pitching: RHP Allen Wesolowski
|
|
Batting: RHB Ronald Lee
|
0-0: Ball 1-0: Fly out, F8 (Flyball, 89D, EV 103.1 MPH)
|
Batting: RHB Russ Quetti
|
0-0: Ball 1-0: Fly out, F8 (Flyball, 78D, EV 90.6 MPH)
|
Batting: RHB William Lajoie
|
0-0: Called Strike 0-1: SINGLE (Groundball, 4M, EV 107.5 MPH) (infield hit)
|
Batting: RHB Richard Witt
|
0-0: Swinging Strike 0-1: Foul Ball, location: 2F 0-2: Ball 1-2: Strikes out swinging
|
Top of the 1st over - 0 runs, 1 hit, 0 errors, 1 left on base; Lynchburg 0 - Raleigh-Durham 0 |
BOTTOM OF THE 1ST |
Raleigh-Durham Capitals batting - Pitching for Lynchburg Hillcats : RHP Duane Ware
|
Pitching: RHP Duane Ware
|
|
Batting: SHB Horace Ransom
|
0-0: Ball 1-0: Ball 2-0: Ball 3-0: Base on Balls
|
Batting: RHB Tony Camara
|
0-0: Ball 1-0: Ball 2-0: Ball 3-0: Called Strike 3-1: Base on Balls Horace Ransom to second
|
Batting: LHB Mark Reynolds
|
0-0: Called Strike 0-1: Ball Horace Ransom steals 3rd base 1-1: SINGLE (Flyball, 4D, EV 95.0 MPH) Horace Ransom scores Tony Camara to second
|
Batting: RHB Christopher Barbone
|
0-0: Foul Ball, location: 2F 0-1: Ball 1-1: Foul Ball, location: 2F 1-2: Strikes out swinging
|
Batting: LHB Richard Kelly
|
0-0: Foul Ball, location: 2F 0-1: Ball 1-1: Called Strike 1-2: Fly out, F9 (Flyball, 9D, EV 89.4 MPH)
|
Batting: RHB Richard Ferchen
|
0-0: Ball 1-0: Ball Wild Pitch! Tony Camara to third Mark Reynolds to second 2-0: Called Strike 2-1: Fly out, F8 (Flyball, 8LXD, EV 97.5 MPH)
|
Bottom of the 1st over - 1 run, 1 hit, 0 errors, 2 left on base; Lynchburg 0 - Raleigh-Durham 1 |
TOP OF THE 2ND |
Lynchburg Hillcats batting - Pitching for Raleigh-Durham Capitals : RHP Allen Wesolowski
|
Batting: RHB Kenneth Tillman
|
0-0: Fly out, F9 (Flyball, 89D, EV 90.0 MPH)
|
Batting: LHB Harold Warner
|
0-0: Called Strike 0-1: Fly out, F9 (Flyball, 9, EV 82.5 MPH)
|
Batting: RHB Frederic Wade
|
0-0: Ball 1-0: SINGLE (Line Drive, 9LS, EV 95.6 MPH)
|
Batting: LHB Eb MacDonald
|
0-0: Swinging Strike 0-1: Ball 1-1: Ball 2-1: Ball 3-1: Base on Balls Frederic Wade to second
|
Batting: RHB Felix Estrada
|
0-0: Ball 1-0: Ball 2-0: Ball 3-0: Called Strike 3-1: Called Strike 3-2: Foul Ball, location: 2F 3-2: Base on Balls Frederic Wade to third Eb MacDonald to second
|
Batting: RHB Ronald Lee
|
0-0: Called Strike 0-1: Reached on error, E5 (Groundball, 56S, EV 78.1 MPH) Frederic Wade scores Eb MacDonald to third Felix Estrada to second
|
Batting: RHB Russ Quetti
|
0-0: Ball Wild Pitch! Eb MacDonald scores Felix Estrada to third Ronald Lee to second 1-0: Ball 2-0: Ground out 6-3 (Groundball, 6, EV 77.5 MPH)
|
Top of the 2nd over - 2 runs, 1 hit, 1 error, 2 left on base; Lynchburg 2 - Raleigh-Durham 1 |
BOTTOM OF THE 2ND |
Raleigh-Durham Capitals batting - Pitching for Lynchburg Hillcats : RHP Duane Ware
|
Batting: RHB Luis Brito
|
0-0: Called Strike 0-1: Ball 1-1: Ball 2-1: SINGLE (Flyball, 9S, EV 86.3 MPH)
|
Batting: LHB Donald Jamerson
|
0-0: Ball 1-0: Ball 2-0: Called Strike 2-1: Ball 3-1: Swinging Strike 3-2: Fielders Choice at 2nd, 6-4 (Groundball, 6, EV 88.1 MPH)
|
Batting: RHB Marshall Burk
|
0-0: Ball 1-0: Called Strike 1-1: Ball 2-1: Ball 3-1: Foul Ball, location: 2F 3-2: Grounds into double play, 1-4-3 (Groundball, 25, EV 66.3 MPH)
|
Bottom of the 2nd over - 0 runs, 1 hit, 0 errors, 0 left on base; Lynchburg 2 - Raleigh-Durham 1 |
TOP OF THE 3RD |
Lynchburg Hillcats batting - Pitching for Raleigh-Durham Capitals : RHP Allen Wesolowski
|
Batting: RHB William Lajoie
|
0-0: Ball 1-0: Ground out 4-3 (Groundball, 34D, EV 83.1 MPH)
|
Batting: RHB Richard Witt
|
0-0: Called Strike 0-1: Called Strike 0-2: Ball 1-2: Strikes out looking
|
Batting: RHB Kenneth Tillman
|
0-0: Ball 1-0: Fly out, F8 (Flyball, 8RXD, EV 91.9 MPH)
|
Top of the 3rd over - 0 runs, 0 hits, 0 errors, 0 left on base; Lynchburg 2 - Raleigh-Durham 1 |
BOTTOM OF THE 3RD |
Raleigh-Durham Capitals batting - Pitching for Lynchburg Hillcats : RHP Duane Ware
|
Batting: SHB Horace Ransom
|
0-0: Ball 1-0: Ball 2-0: Ball 3-0: Base on Balls
|
Batting: RHB Tony Camara
|
0-0: Called Strike 0-1: Ball 1-1: Ball 2-1: Ball 3-1: Called Strike 3-2: Strikes out swinging Horace Ransom steals 2nd, throwing error, E2 Horace Ransom to third
|
Batting: LHB Mark Reynolds
|
0-0: SINGLE (Groundball, 4MD, EV 106.9 MPH) Horace Ransom scores
|
Batting: RHB Christopher Barbone
|
0-0: Ball 1-0: Called Strike 1-1: Ball 2-1: Fly out, F8 (Flyball, 78M, EV 91.3 MPH)
|
Batting: LHB Richard Kelly
|
0-0: Called Strike 0-1: Fly out, F7 (Flyball, 78D, EV 83.1 MPH)
|
Bottom of the 3rd over - 1 run, 1 hit, 1 error, 1 left on base; Lynchburg 2 - Raleigh-Durham 2 |
TOP OF THE 4TH |
Lynchburg Hillcats batting - Pitching for Raleigh-Durham Capitals : RHP Allen Wesolowski
|
Batting: LHB Harold Warner
|
0-0: Ball 1-0: Ball 2-0: Ball 3-0: Called Strike 3-1: Reached on error, E2 (Groundball, 2L, EV 66.3 MPH)
|
Batting: RHB Frederic Wade
|
0-0: Called Strike 0-1: Fly out, F9 (Flyball, 89M, EV 83.8 MPH)
|
Batting: LHB Eb MacDonald
|
0-0: Called Strike 0-1: Fly out, F4 (Popup, 4S, EV 73.1 MPH)
|
Batting: RHB Felix Estrada
|
0-0: Called Strike 0-1: Called Strike 0-2: SINGLE (Flyball, 8RS, EV 93.1 MPH) Harold Warner to third Runner from 3rd tries for Home, SAFE, throw by CF to home
|
Batting: RHB Ronald Lee
|
0-0: Swinging Strike 0-1: Ball 1-1: Fly out, F8 (Flyball, 8RS, EV 91.9 MPH)
|
Top of the 4th over - 1 run, 1 hit, 1 error, 1 left on base; Lynchburg 3 - Raleigh-Durham 2 |
BOTTOM OF THE 4TH |
Raleigh-Durham Capitals batting - Pitching for Lynchburg Hillcats : RHP Duane Ware
|
Batting: RHB Richard Ferchen
|
0-0: Ball 1-0: Ball 2-0: Ball 3-0: Called Strike 3-1: Foul Ball, location: 2F 3-2: Ground out U3 (Groundball, 34, EV 101.3 MPH)
|
Batting: RHB Luis Brito
|
0-0: SINGLE (Groundball, 5D, EV 102.5 MPH)
|
Batting: LHB Donald Jamerson
|
0-0: Ball Luis Brito steals 2nd base 1-0: Ball 2-0: Ground out 6-3 (Groundball, 6, EV 105.6 MPH)
|
Batting: RHB Marshall Burk
|
0-0: Swinging Strike 0-1: Called Strike 0-2: Ball 1-2: Strikes out looking
|
Bottom of the 4th over - 0 runs, 1 hit, 0 errors, 1 left on base; Lynchburg 3 - Raleigh-Durham 2 |
TOP OF THE 5TH |
Lynchburg Hillcats batting - Pitching for Raleigh-Durham Capitals : RHP Allen Wesolowski
|
Batting: RHB Russ Quetti
|
0-0: Called Strike 0-1: Foul Ball, location: 2F 0-2: Ball 1-2: SINGLE (Groundball, 6MD, EV 95.6 MPH)
|
Batting: RHB William Lajoie
|
0-0: Called Strike 0-1: Ball 1-1: Ball 2-1: Fly out, F4 (Popup, 4MD, EV 56.3 MPH)
|
Batting: RHB Richard Witt
|
0-0: Called Strike 0-1: Grounds into double play, 5-4-3 (Groundball, 56, EV 103.1 MPH)
|
Top of the 5th over - 0 runs, 1 hit, 0 errors, 0 left on base; Lynchburg 3 - Raleigh-Durham 2 |
BOTTOM OF THE 5TH |
Raleigh-Durham Capitals batting - Pitching for Lynchburg Hillcats : RHP Duane Ware
|
Batting: SHB Horace Ransom
|
0-0: Ball 1-0: Ground out 6-3 (Groundball, 6S, EV 86.9 MPH)
|
Batting: RHB Tony Camara
|
0-0: Ball 1-0: Called Strike 1-1: Swinging Strike 1-2: Ball 2-2: Foul Ball, location: 2F 2-2: Ball 3-2: Reached on error, E5 (Groundball, 56S, EV 88.1 MPH)
|
Batting: LHB Mark Reynolds
|
0-0: Ball 1-0: Ball 2-0: Ball 3-0: Base on Balls
|
Batting: RHB Christopher Barbone
|
0-0: Ball Wild Pitch! Tony Camara to third Mark Reynolds to second 1-0: SINGLE (Flyball, 89S, EV 82.5 MPH) Tony Camara scores Mark Reynolds to third
|
Batting: LHB Richard Kelly
|
0-0: Ball 1-0: Ball 2-0: Foul Ball, location: 2F 2-1: Ball 3-1: Foul Ball, location: 2F 3-2: Foul Ball, location: 2F 3-2: Strikes out swinging Christopher Barbone steals 2nd base Batter strikes out.
|
Batting: RHB Richard Ferchen
|
0-0: Ball 1-0: SINGLE (Groundball, 6MD, EV 105.0 MPH) Mark Reynolds scores Christopher Barbone to third Runner from 3rd tries for Home, SAFE, throw by CF to home
|
Pitching: RHP Mike Alvarez
|
|
Batting: RHB Luis Brito
|
0-0: Ball 1-0: Ball 2-0: Ball 3-0: Called Strike 3-1: Fielders Choice at 2nd, U4 (Groundball, 4M, EV 87.5 MPH)
|
Bottom of the 5th over - 3 runs, 2 hits, 1 error, 1 left on base; Lynchburg 3 - Raleigh-Durham 5 |
TOP OF THE 6TH |
Lynchburg Hillcats batting - Pitching for Raleigh-Durham Capitals : RHP Allen Wesolowski
|
Batting: RHB Kenneth Tillman
|
0-0: Called Strike 0-1: Ball 1-1: Ball 2-1: Ball 3-1: Ground out 1-3 (Groundball, P, EV 70.6 MPH)
|
Batting: LHB Harold Warner
|
0-0: Ball 1-0: Foul Ball, location: 2F 1-1: Foul Ball, location: 2F 1-2: Foul Ball, location: 2F 1-2: Ball 2-2: Ball 3-2: Foul Ball, location: 2F 3-2: Ground out 4-3 (Groundball, 4, EV 110.6 MPH)
|
Batting: RHB Frederic Wade
|
0-0: Ball 1-0: Swinging Strike 1-1: Foul Ball, location: 2F 1-2: Strikes out swinging
|
Top of the 6th over - 0 runs, 0 hits, 0 errors, 0 left on base; Lynchburg 3 - Raleigh-Durham 5 |
BOTTOM OF THE 6TH |
Raleigh-Durham Capitals batting - Pitching for Lynchburg Hillcats : RHP Mike Alvarez
|
Batting: LHB Donald Jamerson
|
0-0: Called Strike 0-1: Ground out 4-3 (Groundball, 4, EV 86.3 MPH)
|
Batting: RHB Marshall Burk
|
0-0: Foul Ball, location: 2F 0-1: Ball 1-1: Ball 2-1: Ball 3-1: Foul Ball, location: 2F 3-2: Ground out 4-3 (Groundball, 4, EV 106.3 MPH)
|
Batting: SHB Horace Ransom
|
0-0: DOUBLE (Line Drive, 78XD, EV 108.1 MPH)
|
Batting: RHB Tony Camara
|
0-0: Ball 1-0: Ball 2-0: Called Strike 2-1: Foul Ball, location: 2F 2-2: Strikes out swinging
|
Bottom of the 6th over - 0 runs, 1 hit, 0 errors, 1 left on base; Lynchburg 3 - Raleigh-Durham 5 |
TOP OF THE 7TH |
Lynchburg Hillcats batting - Pitching for Raleigh-Durham Capitals : RHP Allen Wesolowski
|
Batting: LHB Eb MacDonald
|
0-0: Ground out 5-3 (Groundball, 5, EV 83.1 MPH)
|
Batting: RHB Felix Estrada
|
0-0: Fly out, F8 (Flyball, 89D, EV 85.6 MPH)
|
Batting: RHB Ronald Lee
|
0-0: Called Strike 0-1: Ball 1-1: Ball 2-1: SINGLE (Flyball, 78S, EV 87.5 MPH)
|
Batting: RHB Russ Quetti
|
0-0: Ball 1-0: Called Strike 1-1: Swinging Strike 1-2: Strikes out swinging
|
Top of the 7th over - 0 runs, 1 hit, 0 errors, 1 left on base; Lynchburg 3 - Raleigh-Durham 5 |
BOTTOM OF THE 7TH |
Raleigh-Durham Capitals batting - Pitching for Lynchburg Hillcats : RHP Mike Alvarez
|
Batting: LHB Mark Reynolds
|
0-0: Foul Ball, location: 2F 0-1: Ball 1-1: Ball 2-1: Foul Ball, location: 2F 2-2: Foul Ball, location: 2F 2-2: SOLO HOME RUN (Flyball, 9D, EV 89.4 MPH), Distance : 364 ft
|
Batting: RHB Christopher Barbone
|
0-0: Called Strike 0-1: Ball 1-1: TRIPLE (Flyball, 78XD, EV 96.9 MPH)
|
Batting: LHB Richard Kelly
|
0-0: Intentional Walk
|
Batting: RHB Richard Ferchen
|
0-0: Foul Ball, location: 2F 0-1: Ball 1-1: Fly out, F2 (Popup, 13S, EV 87.5 MPH)
|
Batting: RHB Luis Brito
|
0-0: Fly out, F4 (Popup, 4M, EV 64.4 MPH)
|
Batting: LHB Donald Jamerson
|
0-0: Ball 1-0: Called Strike 1-1: Ball 2-1: Called Strike 2-2: Foul Ball, location: 2F 2-2: Ball 3-2: Base on Balls Richard Kelly to second
|
Batting: RHB Marshall Burk
|
0-0: Called Strike 0-1: Fly out, F6 (Line Drive, 6, EV 66.3 MPH)
|
Bottom of the 7th over - 1 run, 2 hits, 0 errors, 3 left on base; Lynchburg 3 - Raleigh-Durham 6 |
TOP OF THE 8TH |
Lynchburg Hillcats batting - Pitching for Raleigh-Durham Capitals : RHP Allen Wesolowski
|
Batting: RHB William Lajoie
|
0-0: Ball 1-0: Called Strike 1-1: Ground out 6-3 (Groundball, 6, EV 90.6 MPH)
|
Batting: RHB Richard Witt
|
0-0: Swinging Strike 0-1: Swinging Strike 0-2: Ball 1-2: Ball 2-2: Ground out 5-3 (Groundball, 56S, EV 63.8 MPH)
|
Batting: RHB Kenneth Tillman
|
0-0: Swinging Strike 0-1: Foul Ball, location: 2F 0-2: Foul Ball, location: 2F 0-2: Foul Ball, location: 2F 0-2: Foul Ball, location: 2F 0-2: Ground out 3-1 (Groundball, 34, EV 84.4 MPH)
|
Top of the 8th over - 0 runs, 0 hits, 0 errors, 0 left on base; Lynchburg 3 - Raleigh-Durham 6 |
BOTTOM OF THE 8TH |
Raleigh-Durham Capitals batting - Pitching for Lynchburg Hillcats : RHP Mike Alvarez
|
Batting: SHB Horace Ransom
|
0-0: Ball 1-0: Ball 2-0: SOLO HOME RUN (Flyball, 9LD, EV 96.9 MPH), Distance : 363 ft
|
Batting: RHB Tony Camara
|
0-0: Called Strike 0-1: Fly out, F9 (Line Drive, 9D, EV 88.1 MPH)
|
Batting: LHB Mark Reynolds
|
0-0: Ball 1-0: Fly out, F8 (Flyball, 8LD, EV 81.9 MPH)
|
Batting: RHB Christopher Barbone
|
0-0: Called Strike 0-1: Ball 1-1: Ball 2-1: Foul Ball, location: 2F 2-2: Ball 3-2: Ground out 6-3 (Groundball, 6S, EV 91.3 MPH)
|
Bottom of the 8th over - 1 run, 1 hit, 0 errors, 0 left on base; Lynchburg 3 - Raleigh-Durham 7 |
TOP OF THE 9TH |
Lynchburg Hillcats batting - Pitching for Raleigh-Durham Capitals : RHP Allen Wesolowski
|
Batting: LHB Harold Warner
|
0-0: Ground out 4-3 (Groundball, 4, EV 87.5 MPH)
|
Batting: RHB Frederic Wade
|
0-0: Called Strike 0-1: Ball 1-1: Ball 2-1: Swinging Strike 2-2: Strikes out swinging
|
Batting: LHB Eb MacDonald
|
0-0: Foul Ball, location: 2F 0-1: DOUBLE (Line Drive, 7LS, EV 112.5 MPH)
|
Batting: RHB Felix Estrada
|
0-0: DOUBLE (Line Drive, 89D, EV 106.3 MPH) Eb MacDonald scores
|
Batting: RHB Ronald Lee
|
0-0: Ball 1-0: Called Strike 1-1: Called Strike 1-2: Fly out, F8 (Flyball, 8RD, EV 89.4 MPH)
|
Top of the 9th over - 1 run, 2 hits, 0 errors, 1 left on base; Lynchburg 4 - Raleigh-Durham 7 |
|